 Dungeon Crawl Stone Soup version 0.30-a0-414-gcb316572d5 (webtiles) character file.

Game seed: 17320280675996443175

270928 billz999 the Brawler (level 19, -12/204 HPs)
             Began as a Troll Monk on Dec 6, 2022.
             Was an Elder of Okawaru.
             Mangled by a deep troll (13 damage)
             ... led by an ironbound preserver
             ... on level 1 of the Vaults on Dec 8, 2022.
             The game lasted 02:00:42 (37772 turns).

billz999 the Brawler (Troll Monk)                  Turns: 37772, Time: 02:00:43

Health: -12/204    AC:  9    Str: 34    XL:     19   Next: 44%
Magic:  24/24      EV: 14    Int: 10    God:    Okawaru [****..]
Gold:   1110       SH: 31    Dex: 17    Spells: 16/18 levels left

rFire   + . .      SeeInvis .      - Unarmed
rCold   . . .      Faith    .    q - +18 shield of the Gong {rElec rN+ Will+ EV-5}
rNeg    + + +      Spirit   .    U - +2 robe of Yesterday {rN+++ rCorr Str-2 Dex+5}
rPois   +          Reflect  .    (helmet restricted)
rElec   +          Harm     .    H - +2 cloak of Weirdness {rPois rF+}
rCorr   +          Rampage  .    (gloves unavailable)
Will    +++..                    (boots unavailable)
Stlth   +++.......               (no amulet)
HPRegen 1.34/turn                J - +6 ring of strength
MPRegen 0.19/turn                S - ring "Gyraryrche" {rN+ Will+ EV+4 Int+4}

@: about to teleport, heroic
A: large, unfitting armour, claws 3, regeneration 1, shaggy fur 1, tough skin 1
}: 2/15 runes: serpentine, barnacled
a: Renounce Religion, Heroism, Finesse


You were on level 1 of the Vaults.
You worshipped Okawaru.
Okawaru was greatly pleased with you.
You visited 6 branches of the dungeon, and saw 32 of its levels.
You also visited: Ossuary, Gauntlet and Ice Cave.

You collected 3933 gold pieces.
You spent 2823 gold pieces at shops.

Inventory:

Missiles
 c - 194 stones (quivered)
 A - 6 throwing nets
 C - 10 large rocks
 P - 17 javelins
 Y - 9 silver boomerangs
Armour
 q - the +18 shield of the Gong (worn) {rElec rN+ Will+ EV-5}
   (You found it in a Gauntlet)

   It is deafeningly noisy when blocking attacks.
   EV:        It affects your evasion (-5).
   rElec:     It insulates you from electricity.
   rN:        It protects you from negative energy.
   Will:      It increases your willpower.
 H - the +2 cloak of Weirdness (worn) {rPois rF+}
   (You acquired it on level 14 of the Dungeon)

   rF:        It protects you from fire.
   rPois:     It protects you from poison.
 L - the +2 robe of Kokesom {MP+9 Str-4 Dex+7 Slay+2}
   (Okawaru gifted it to you on level 2 of the Lair of Beasts)

   Str:       It affects your strength (-4).
   Dex:       It affects your dexterity (+7).
   Slay:      It affects your accuracy & damage with ranged weapons and melee
   (+2).
   MP:        It affects your magic capacity (+9).
 U - the +2 robe of Yesterday (worn) {rN+++ rCorr Str-2 Dex+5}
   (Okawaru gifted it to you on level 1 of the Shoals)

   Str:       It affects your strength (-2).
   Dex:       It affects your dexterity (+5).
   rN:        It renders you almost immune to negative energy.
   rCorr:     It protects you from acid and corrosion.
 W - the +0 cloak of Impressiveness {rPois rCorr Int+2}
   (Okawaru gifted it to you in an ice cave)

   Int:       It affects your intelligence (+2).
   rPois:     It protects you from poison.
   rCorr:     It protects you from acid and corrosion.
Jewellery
 a - an amulet of faith
 i - the ring of the Saviour {rF+ Int+3}
   (You took it off a merfolk javelineer on level 4 of the Shoals)

   [ring of protection from fire]

   Int:       It affects your intelligence (+3).
   rF:        It protects you from fire.
 m - a +6 ring of strength
 o - a +6 ring of strength
 v - a ring of positive energy
 F - a ring of protection from fire
 J - a +6 ring of strength (left claw)
 Q - a ring of protection from cold
 S - the ring "Gyraryrche" (right claw) {rN+ Will+ EV+4 Int+4}
   (You found it on level 5 of the Lair of Beasts)

   [ring of evasion]

   EV:        It affects your evasion (+4).
   Int:       It affects your intelligence (+4).
   rN:        It protects you from negative energy.
   Will:      It increases your willpower.
 T - an amulet of reflection
 V - a +6 ring of intelligence
 X - a ring of resist corrosion
Wands
 n - a wand of digging (5)
 D - a wand of mindburst (24)
 K - a wand of acid (1)
 M - a wand of flame (37)
 Z - a wand of iceblast (7)
Scrolls
 g - 9 scrolls of identify
 h - 5 scrolls of blinking
 j - a scroll of fog
 l - 12 scrolls of teleportation
 r - 7 scrolls of poison
 t - 7 scrolls of enchant weapon
 w - 5 scrolls of immolation
 x - 4 scrolls of vulnerability
 y - a scroll of enchant armour
 O - 3 scrolls of magic mapping
 R - 6 scrolls of amnesia
Potions
 b - 2 potions of ambrosia
 d - 7 potions of attraction
 e - 9 potions of curing
 f - 5 potions of might
 k - 6 potions of mutation
 s - 10 potions of lignification
 u - 6 potions of cancellation
 z - 3 potions of flight {unknown}
 B - 5 potions of brilliance
 E - 5 potions of haste {unknown}
 G - 2 potions of magic {unknown}
 I - 4 potions of berserk rage {unknown}
 N - 2 potions of resistance {unknown}


   Skills:
 + Level 16.2(21.2) Fighting
 + Level 16.9(21.9) Throwing
 + Level 6.4(11.4) Dodging
 - Level 1.0(6.0) Stealth
 + Level 10.6(15.6) Shields
 + Level 19.5(24.5) Unarmed Combat
 - Level 9.0 Invocations


You had 16 spell levels left.
You knew the following spells:

 Your Spells              Type           Power      Damage    Failure   Level
a - Blink                 Tloc           0%         N/A       65%         2

Your spell library contained the following spells:

 Spells                   Type           Power      Damage    Failure   Level
 Apportation              Tloc           0%         N/A       50%         1
 Kiss of Death            Conj/Necr      0%         2d5       50%         1
 Magic Dart               Conj           0%         1d3       50%         1
 Necrotise                Necr           0%         1d4       50%         1
 Sandblast                Erth           0%         2d4       50%         1
 Ensorcelled Hibernation  Hex/Ice        0%         N/A       65%         2
 Passwall                 Tmut/Erth      0%         N/A       65%         2
 Scorch                   Fire           0%         2d5       65%         2
 Confusing Touch          Hex            0%         N/A       86%         3
 Gell's Gravitas          Tloc           0%         N/A       86%         3
 Ignite Poison            Fire/Tmut/Pois 0%         N/A       86%         3
 Lesser Beckoning         Tloc           0%         N/A       86%         3
 Mephitic Cloud           Conj/Pois/Air  0%         N/A       86%         3
 Stone Arrow              Conj/Erth      0%         3d7       86%         3
 Swiftness                Air            0%         N/A       86%         3
 Teleport Other           Tloc           0%         N/A       86%         3
 Dispel Undead            Necr           0%         3d6       99%         4
 Flame Wave               Conj/Fire      0%         2d4       99%         4
 Leda's Liquefaction      Hex/Erth       0%         N/A       99%         4
 Manifold Assault         Tloc           0%         N/A       99%         4
 Sticky Flame             Conj/Fire      0%         2d3       99%         4
 Borgnjor's Vile Clutch   Necr/Erth      0%         N/A       100%        5
 Lee's Rapid Deconstruct  Erth           0%         3d4*      100%        5
 Yara's Violent Unravell  Hex/Tmut       0%         3d3       100%        5
 Conjure Ball Lightning   Conj/Air       0%         3x3d6     100%        6
 Dispersal                Tloc           0%         N/A       100%        6
 Statue Form              Tmut/Erth      0%         N/A       100%        6
 Enfeeble                 Hex            0%         N/A       100%        7
 Orb of Destruction       Conj           0%         9d5       100%        7
 Storm Form               Tmut/Air       0%         N/A       100%        7
 Discord                  Hex            0%         N/A       100%        8
 Disjunction              Tloc           0%         N/A       100%        8
 Ignition                 Fire           0%         3d3       100%        8
 Summon Small Mammal      Summ           Unusable   N/A       N/A         1
 Call Imp                 Summ           Unusable   N/A       N/A         2
 Summon Guardian Golem    Hex/Summ       Unusable   N/A       N/A         3
 Animate Dead             Necr           Unusable   N/A       N/A         4
 Death Channel            Necr           Unusable   N/A       N/A         6
 Summon Cactus Giant      Summ           Unusable   N/A       N/A         6
 Spellforged Servitor     Conj/Summ      Unusable   N/A       N/A         7

Dungeon Overview and Level Annotations

Branches:
Dungeon (15/15)            Temple (0/1) D:6            Lair (5/5) D:8
 Shoals (4/4) Lair:3        Snake (4/4) Lair:2        Slime (0/5) Lair:4
    Orc (2/2) D:11            Elf (0/3) Orc:2        Vaults (2/5) D:14
 Depths (0/4) D:15        Ossuary (visited)           IceCv (visited)
Gauntlet (visited)
  Crypt: Vaults:2-3

Altars:
Ashenzari
Cheibriados
Dithmenos
Fedhas
Gozag
Hepliaklqana
Kikubaaqudgha
Okawaru
Ru
Sif Muna
Trog
Uskayaw
Vehumet
Yredelemnul
The Shining One
Jiyva

Shops:
D:1 [   D:10 *   D:14 *   D:15 [*   Orc:2 =??(   Shoals:4 *   Snake:1 !
Snake:2 *=   Snake:3 (   Snake:4 !:*(

Annotations:
D:13 exclusion: 2 obsidian statues
Lair:1 1 runed translucent door, voltaire321's ghost, journeyman KoEn
Lair:4 exclusion: 2 oklob plants
Lair:5 exclusion: oklob plant
Shoals:1 Roxanne


Innate Abilities, Weirdness & Mutations

You are too large for most types of armour.
You have claws for hands.
Your natural rate of healing is unusually fast.
You are covered in fur. (AC +1)
You have tough skin. (AC +1)


Message History

The ironbound convoker gestures at the ironbound convoker while chanting.
The ironbound convoker seems to grow stronger.
You block the deep troll's attack.
BONNNG!
You block the deep troll's attack.
PTOANNNG!
The deep troll claws you but does no damage.
The deep troll bites you!
* * * LOW HITPOINT WARNING * * *
You block the deep troll's attack.
PANG!
You block the deep troll's attack.
BOUMMMMG!
You hear a shout!
You closely miss the deep troll. You closely miss the deep troll.
You block the deep troll's attack.
BONNNG!
You block the deep troll's attack.
PTOANNNG!
You block the deep troll's attack.
GONNNNG!
The deep troll bites you but does no damage.
You block the deep troll's attack.
BONNNG!
The deep troll claws you!
* * * LOW HITPOINT WARNING * * *
The ironbound convoker hits you with a +1 morningstar of protection.
* * * LOW HITPOINT WARNING * * *
You hear a shout!
You feel better.
You hear a roar!
You block the deep troll's attack.
GONNNNG!
You block the deep troll's attack.
GONNNNG!
You block the deep troll's attack.
PTOANNNG!
The deep troll bites you!
* * * LOW HITPOINT WARNING * * *
The deep troll claws you!
You die...

#######################
.........pp............
........)@T............
..........T((..........
#################......
..... .... ... .. .


You could see 2 deep trolls and 2 ironbound convokers.

Vanquished Creatures
  Vashnia (Snake:4)
  Nikola (Shoals:1)
  Rupert (Lair:5)
  Asterion (Snake:1)
  A titan (Shoals:1)
  Mlioglotl (Snake:1)
  Polyphemus (Shoals:3)
  A sphinx (Vaults:1)
  Frances (Shoals:1)
  Kirke (Shoals:2)
  4 nagarajas
  4 frost giants
  4 vault wardens (Vaults:2)
  7 ironbound preservers
  2 ironbound thunderhulks (Vaults:1)
  2 stone giants
  A minotaur (Gauntlet)
  A white draconian (IceCv)
  3 dire elephants (Vaults:2)
  2 ettins
  8 merfolk impalers
  6 merfolk javelineers
  2 yaktaur captains
  A rakshasa (D:15)
  8 vault guards (D:14)
  An ice dragon (D:14)
  3 catoblepae
  5 hydras
  7 ironbound frosthearts (IceCv)
  5 boulder beetles
  9 anacondas
  2 merfolk avatars
  7 centaur warriors
  6 merfolk aquamancers
  2 death knights
  4 ogre magi
  2 alligator snapping turtles
  13 two-headed ogres
  A satyr (Shoals:3)
  5 death yaks
  9 naga warriors
  3 tengu warriors
  17 naga sharpshooters
  Urug (Orc:2)
  An orc high priest (Orc:1)
  12 shock serpents
  Sonja (D:12)
  Nergalle (Lair:2)
  7 salamander mystics
  Lodul (D:14)
  20 deep trolls
  13 sea snakes
  An orange crystal statue (IceCv)
  11 naga ritualists
  2 lindwurms
  A deep troll (shapeshifter) (D:13)
  2 deep elf pyromancers
  3 wizards
  4 ironbound convokers
  A necromancer (D:15)
  3 orc knights
  19 harpies
  13 orc sorcerers
  9 mana vipers
  20 ugly things
  11 cyclopes
  6 fauns
  A worldbinder (Gauntlet)
  20 manticores
  7 merfolk sirens
  17 salamanders
  7 water nymphs
  6 elephants
  17 naga magi
  6 guardian serpents
  30 black mambas
  3 vault sentinels
  A torpor snail (Lair:4)
  2 gargoyles
  4 komodo dragons
  16 cane toads
  2 unseen horrors
  21 rime drakes
  7 yaktaurs
  An efreet (D:14)
  3 freezing wraiths
  3 wind drakes
  33 merfolk
  4 hornets
  3 meliai (Gauntlet)
  7 trolls
  23 polar bears
  25 slime creatures
  Prince Ribbit (D:5)
  12 dream sheep
  14 blink frogs
  5 snapping turtles
  A culicivora (shapeshifter) (D:15)
  A shadow (D:10)
  17 water elementals
  5 wraiths
  5 wyverns
  A hog (Shoals:2)
  5 humans
  36 yaks
  4 steam dragons
  6 basilisks
  12 vampire mosquitoes (D:13)
  37 nagas
  4 wargs
  3 acid dragons
  8 water moccasins
  5 sky beasts
  24 orc warriors
  An ice beast (D:7)
  A black bear (Lair:3)
  12 wolves
  10 centaurs
  17 ogres
  A kobold brigand (D:6)
  15 bullfrogs
  4 scorpions
  2 necrophages (D:6)
  A gnoll sergeant (D:10)
  6 wights
  20 killer bees
  2 howler monkeys
  5 electric eels
  Crazy Yiuf (D:4)
  A gnoll bouda (D:9)
  10 orc priests
  6 hounds
  7 iguanas
  40 orc wizards
  8 mummies (Ossuary)
  22 gnolls
  5 adders
  A white imp (D:6)
  3 ufetubi
  3 worms
  A dart slug (D:1)
  64 orcs
  10 bats
  5 endoplasms
  3 giant cockroaches
  2 gnoll zombies (Ossuary)
  8 goblins
  6 hobgoblins
  6 jackals
  4 quokkas
  A frilled lizard (D:1)
  A hobgoblin zombie (Ossuary)
  19 kobolds
  A kobold zombie (Ossuary)
  4 orc zombies (Ossuary)
  4 rats
1147 creatures vanquished.

Vanquished Creatures (others)
  2 orc wizards (Orc:2)
  13 demonic plants (Gauntlet)
  18 fungi
  84 plants
  5 toadstools (D:1)
  14 withered plants (Gauntlet)
136 creatures vanquished.

Grand Total: 1283 creatures vanquished

Notes
Turn   | Place    | Note
-------+----------+-------------------------------------------
     0 | D:1      | billz999 the Troll Monk began the quest for the Orb.
     0 | D:1      | Reached XP level 1. HP: 22/22 MP: 0/0
   130 | D:1      | Reached XP level 2. HP: 29/29 MP: 1/1
   225 | D:1      | Found Kaci's Antique Armour Shop.
   311 | D:1      | Reached skill level 4 in Unarmed Combat
   587 | D:1      | Reached XP level 3. HP: 36/36 MP: 2/2
  1701 | D:3      | Found a broken altar of Ashenzari.
  1701 | D:3      | Found a glowing golden altar of the Shining One.
  1719 | D:2      | Reached skill level 5 in Unarmed Combat
  1719 | D:2      | Reached XP level 4. HP: 23/44 MP: 3/3
  1879 | D:3      | Found a basalt altar of Yredelemnul.
  1879 | D:3      | Found an iron altar of Okawaru.
  1879 | D:3      | Noticed a scorpion
  2024 | D:3      | Reached XP level 5. HP: 50/50 MP: 4/4
  2085 | D:3      | Reached skill level 6 in Unarmed Combat
  2102 | D:3      | Found a blossoming altar of Fedhas.
  2102 | D:3      | Found a sacrificial altar of Ru.
  2232 | D:3      | Became a worshipper of Warmaster Okawaru
  2232 | D:3      | Reached * piety under Okawaru
  2232 | D:3      | Reached ** piety under Okawaru
  2619 | D:4      | Reached skill level 1 in Invocations
  2693 | D:4      | Found a runed translucent door.
  2694 | D:4      | Noticed Crazy Yiuf
  2792 | D:4      | Reached XP level 6. HP: 56/59 MP: 5/5
  2988 | D:4      | Killed Crazy Yiuf
  3062 | D:5      | Entered Level 5 of the Dungeon
  3377 | D:4      | Reached skill level 7 in Unarmed Combat
  3559 | D:4      | Reached XP level 7. HP: 52/66 MP: 8/8
  3602 | D:5      | Noticed Prince Ribbit
  3758 | D:5      | Killed Prince Ribbit
  3758 | D:5      | Reached *** piety under Okawaru
  3795 | D:5      | Reached skill level 8 in Unarmed Combat
  4209 | D:5      | Identified the +1 leather armour "Idel" {Will- Str+6 Dex+7}
  4279 | D:6      | Noticed a steam dragon
  4529 | D:6      | Noticed a cyclops
  4538 | D:6      | Killed a cyclops
  4538 | D:6      | Reached **** piety under Okawaru
  4539 | D:6      | Reached skill level 5 in Invocations
  4539 | D:6      | Reached XP level 8. HP: 14/74 MP: 10/10
  4608 | D:6      | Reached skill level 9 in Unarmed Combat
  5548 | D:6      | Reached skill level 10 in Unarmed Combat
  5601 | D:6      | Found a staircase to the Ecumenical Temple.
  5697 | D:6      | Received a gift from Okawaru
  5698 | D:6      | Reached XP level 9. HP: 76/83 MP: 11/11
  5870 | D:6      | Reached ***** piety under Okawaru
  5871 | D:6      | Reached skill level 1 in Throwing
  6352 | D:7      | Reached skill level 11 in Unarmed Combat
  6545 | D:7      | Found a radiant altar of Vehumet.
  6671 | D:7      | Noticed a troll
  6679 | D:7      | Killed a troll
  6878 | D:7      | Noticed a cyclops
  6900 | D:7      | Killed a cyclops
  6901 | D:7      | Reached skill level 5 in Fighting
  7044 | D:7      | Noticed a red ugly thing
  7049 | D:7      | Reached XP level 10. HP: 95/96 MP: 12/12
  7052 | D:7      | Killed a red ugly thing
  7052 | D:7      | Identified the +5 quarterstaff of Earthquakes {drain,
                  | Stlth+} (Okawaru gifted it to you on level 7 of the
                  | Dungeon)
  7052 | D:7      | Received a gift from Okawaru
  7387 | D:8      | Identified the +8 whip of Fumnes {speed, rPois rF+}
  7411 | D:8      | Found a sand-covered staircase.
  7416 | Ossuary  | Entered an ossuary
  7717 | D:8      | Reached skill level 5 in Throwing
  7809 | D:8      | Reached skill level 12 in Unarmed Combat
  7823 | D:8      | Found a staircase to the Lair.
  8492 | D:9      | Found a shadowy altar of Dithmenos.
  8492 | D:9      | Found a snail-covered altar of Cheibriados.
  8500 | D:9      | Found a faded altar of an unknown god.
  8502 | D:9      | Found an opulent altar of Gozag.
  8504 | D:9      | Found a faded altar of an unknown god.
  8773 | D:9      | Found a hazy altar of Hepliaklqana.
  8926 | D:9      | Found a hide-covered altar of Uskayaw.
  9064 | D:9      | Noticed a deep elf pyromancer
  9072 | D:9      | Killed a deep elf pyromancer
  9532 | D:1      | Bought a glowing cloak for 165 gold pieces
  9660 | Lair:1   | Entered Level 1 of the Lair of Beasts
  9679 | Lair:1   | Received a gift from Okawaru
  9855 | Lair:1   | Noticed a cane toad
  9864 | Lair:1   | Killed a cane toad
  9865 | Lair:1   | Reached XP level 11. HP: 109/109 MP: 10/13
 10002 | Lair:1   | Found a runed translucent door.
 10008 | Lair:1   | Noticed voltaire321's ghost (journeyman KoEn)
 10295 | Lair:1   | Noticed a catoblepas
 10305 | Lair:1   | Killed a catoblepas
 10466 | Lair:1   | Learned a level 2 spell: Blink
 10497 | Lair:2   | Found a gate leading to a gauntlet.
 10506 | Gauntlet | Entered a Gauntlet
 10506 | Gauntlet | Found a transporter.
 10506 | Gauntlet | Found a transporter.
 10507 | Gauntlet | Found a transporter.
 10507 | Gauntlet | Found a transporter.
 10510 | Gauntlet | Found a transporter.
 10510 | Gauntlet | Found a transporter.
 10520 | Gauntlet | Found a transporter.
 10524 | Gauntlet | Found a transporter.
 10530 | Gauntlet | Noticed a death yak
 10532 | Gauntlet | Found a transporter.
 10532 | Gauntlet | Found a transporter.
 10532 | Gauntlet | Noticed a necromancer
 10532 | Gauntlet | Noticed a death yak
 10533 | Gauntlet | Noticed a death yak
 10535 | Gauntlet | Found a transporter.
 10535 | Gauntlet | Noticed a death yak
 10536 | Gauntlet | Noticed a death yak
 10537 | Gauntlet | Found a transporter.
 10544 | Gauntlet | Noticed a wretched star
 10574 | Gauntlet | Noticed a reaper
 10652 | Gauntlet | Found the +18 shield of the Gong {rElec rN+ Will+ EV-5}
 10713 | Gauntlet | Noticed a mana viper
 10781 | Gauntlet | Killed a death yak
 10839 | Gauntlet | Noticed a minotaur
 10848 | Gauntlet | Killed a minotaur
 10863 | Gauntlet | Identified the +5 short sword "Xeelyok" {vorpal, +Blink
                  | rPois Dex+2}
 10929 | Lair:2   | Received a gift from Okawaru
 11072 | Lair:2   | Noticed a boulder beetle
 11096 | Lair:2   | Killed a boulder beetle
 11096 | Lair:2   | Identified the +2 robe of Kokesom {MP+9 Str-4 Dex+7 Slay+2}
                  | (Okawaru gifted it to you on level 2 of the Lair of Beasts)
 11096 | Lair:2   | Received a gift from Okawaru
 11097 | Lair:2   | Reached skill level 5 in Shields
 11297 | Lair:2   | Identified the +4 long sword "Beastbane" {protect, Dex+2
                  | SInv Stlth+}
 11297 | Lair:2   | Noticed Nergalle
 11306 | Lair:2   | Killed Nergalle
 11321 | Lair:2   | Reached XP level 12. HP: 96/123 MP: 14/14
 11717 | Lair:2   | Found a staircase to the Snake Pit.
 12191 | Lair:3   | Found a shimmering blue altar of Sif Muna.
 12722 | Lair:3   | Found a staircase to the Shoals.
 13298 | Lair:4   | Noticed a five-headed hydra
 13318 | Lair:3   | Reached skill level 10 in Shields
 13353 | Lair:3   | Received a gift from Okawaru
 13467 | Lair:3   | Reached skill level 13 in Unarmed Combat
 13719 | Lair:4   | Reached skill level 14 in Unarmed Combat
 13751 | Lair:4   | Killed a five-headed hydra
 14107 | Lair:4   | Found a blossoming altar of Fedhas.
 14361 | Lair:4   | Found a viscous altar of Jiyva.
 14361 | Lair:4   | Found a staircase to the Slime Pits.
 14496 | Lair:5   | Entered Level 5 of the Lair of Beasts
 14525 | Lair:5   | Noticed a catoblepas
 14535 | Lair:5   | Killed a catoblepas
 14536 | Lair:5   | Reached XP level 13. HP: 128/131 MP: 15/15
 14536 | Lair:5   | Noticed Rupert
 14556 | Lair:5   | Killed Rupert
 14556 | Lair:5   | Received a gift from Okawaru
 14907 | Lair:4   | Received a gift from Okawaru
 15061 | Lair:4   | Reached skill level 15 in Unarmed Combat
 15513 | Lair:5   | Received a gift from Okawaru
 15826 | Lair:5   | Identified the ring "Gyraryrche" {rN+ Will+ EV+4 Int+4}
 16465 | D:10     | Entered Level 10 of the Dungeon
 17191 | D:10     | Found Roemp's Assorted Antiques.
 17201 | D:10     | Bought a potion of heal wounds for 145 gold pieces
 17201 | D:10     | Bought a scroll of blinking for 217 gold pieces
 17366 | D:11     | Reached XP level 14. HP: 136/140 MP: 16/16
 17402 | D:11     | Identified the +3 flail "Yttadwea" {drain, *Noise rElec
                  | Will++ rCorr}
 17498 | D:11     | Found a bloodstained altar of Trog.
 17633 | D:11     | Found a staircase to the Orcish Mines.
 18161 | Orc:1    | Entered Level 1 of the Orcish Mines
 18389 | Orc:1    | Received a gift from Okawaru
 18390 | Orc:1    | Reached skill level 16 in Unarmed Combat
 18397 | Orc:1    | Reached skill level 10 in Fighting
 18621 | Orc:2    | Entered Level 2 of the Orcish Mines
 18641 | Orc:2    | Identified the +1 robe of Tegue {SInv} (Okawaru gifted it
                  | to you on level 2 of the Orcish Mines)
 18641 | Orc:2    | Received a gift from Okawaru
 19245 | Orc:2    | Found a staircase to the Elven Halls.
 19410 | Orc:2    | Reached skill level 10 in Throwing
 19437 | Orc:2    | Found Maos's Antique Weapon Emporium.
 19459 | Orc:2    | Noticed Urug
 19462 | Orc:2    | Found an ancient bone altar of Kikubaaqudgha.
 19468 | Orc:2    | Killed Urug
 19581 | Orc:2    | Found Zoqul's Magic Scroll Emporium.
 19581 | Orc:2    | Found Seneskud's Magic Scroll Shoppe.
 19643 | Orc:2    | Found Gog Osan's Jewellery Shoppe.
 19662 | Orc:2    | Bought a scroll of fear for 68 gold pieces
 19662 | Orc:2    | Bought a scroll of teleportation for 51 gold pieces
 19671 | Orc:2    | Bought a +6 ring of strength for 468 gold pieces
 19682 | Orc:2    | Bought a scroll of teleportation for 39 gold pieces
 19682 | Orc:2    | Bought 2 scrolls of teleportation for 78 gold pieces
 19682 | Orc:2    | Bought a scroll of teleportation for 39 gold pieces
 19682 | Orc:2    | Bought a scroll of fear for 52 gold pieces
 19692 | Orc:2    | Found a radiant altar of Vehumet.
 19991 | Orc:2    | Received a gift from Okawaru
 20319 | D:12     | Found a hide-covered altar of Uskayaw.
 20407 | D:12     | Noticed Sonja
 20412 | D:12     | Killed Sonja
 20903 | D:13     | Found the +10 Black Knight's barding {ponderous, rPois rN+}
 20949 | D:13     | Received a gift from Okawaru
 21066 | D:13     | Reached XP level 15. HP: 156/156 MP: 17/17
 21568 | D:14     | Found Dasunt's Assorted Antiques.
 21591 | D:14     | Noticed Lodul
 21597 | D:14     | Killed Lodul
 21629 | D:14     | Bought a scroll of blinking for 270 gold pieces
 21629 | D:14     | Bought an embroidered cloak for 270 gold pieces
 21672 | D:14     | Reached ****** piety under Okawaru
 21710 | D:14     | Received a gift from Okawaru
 21791 | D:14     | Identified a scroll of acquirement
 21791 | D:14     | Acquired the +2 cloak of Weirdness {rPois rF+}
 21857 | D:14     | Found a frozen archway.
 21874 | IceCv    | Entered an ice cave
 21974 | IceCv    | Received a gift from Okawaru
 22038 | IceCv    | Reached skill level 17 in Unarmed Combat
 22082 | IceCv    | Identified the +0 cloak of Impressiveness {rPois rCorr
                  | Int+2} (Okawaru gifted it to you in an ice cave)
 22082 | IceCv    | Received a gift from Okawaru
 22434 | IceCv    | Noticed a frost giant
 22439 | IceCv    | Killed a frost giant
 22476 | IceCv    | Noticed a frost giant
 22489 | IceCv    | Killed a frost giant
 22615 | IceCv    | Received a gift from Okawaru
 22660 | IceCv    | Identified the +2 scale mail of Ceoser {Harm Will+ Str+2}
 23178 | D:14     | Received a gift from Okawaru
 23238 | D:14     | Found a gate to the Vaults.
 23269 | D:14     | Received a gift from Okawaru
 23271 | D:14     | Reached XP level 16. HP: 170/170 MP: 18/18
 23281 | D:14     | Received a gift from Okawaru
 23649 | D:15     | Entered Level 15 of the Dungeon
 23706 | D:15     | Identified the +1 short sword of Coot {elec, rElec}
                  | (Okawaru gifted it to you on level 15 of the Dungeon)
 23706 | D:15     | Received a gift from Okawaru
 23752 | D:15     | Found a staircase to the Depths.
 24077 | D:15     | Found Gimat's Antique Armour Shop.
 24326 | D:15     | Found Juschut's Assorted Antiques.
 24331 | D:15     | Bought a +6 ring of strength for 792 gold pieces
 25061 | Snake:1  | Entered Level 1 of the Snake Pit
 25072 | Snake:1  | Noticed Asterion
 25075 | Snake:1  | Identified the +2 swamp dragon scales of Greed {rPois rF+
                  | Will+ Int+3} (Okawaru gifted it to you on level 1 of the
                  | Snake Pit)
 25075 | Snake:1  | Received a gift from Okawaru
 25088 | Snake:1  | Killed Asterion
 25487 | Snake:1  | Noticed Mlioglotl
 25489 | Snake:1  | Noticed a profane servitor
 25839 | Snake:1  | Killed Mlioglotl
 25870 | Snake:1  | Found Umny's Distillery.
 25880 | Snake:1  | Bought a potion of heal wounds for 65 gold pieces
 25880 | Snake:1  | Bought a potion of heal wounds for 65 gold pieces
 25880 | Snake:1  | Bought a potion of curing for 39 gold pieces
 26635 | Snake:2  | Found Dufoaps's One-of-a-Kind Rings.
 26644 | Snake:2  | Found Faiffun's Gadget Gallery.
 27156 | Snake:2  | Identified the +6 trident of Ignis, Usurping {vorpal, rElec
                  | Int+6 Dex+3}
 27426 | Snake:3  | Received a gift from Okawaru
 27493 | Snake:3  | Reached skill level 5 in Dodging
 27662 | Snake:3  | Received a gift from Okawaru
 27737 | Snake:3  | Reached XP level 17. HP: 182/182 MP: 22/22
 27968 | Snake:3  | Identified the +2 robe of Tueth {Regen+ Str+8}
 28309 | Snake:3  | Found Jeunlu's Antique Weapon Shop.
 28539 | Snake:3  | Identified the +2 leather armour of the Monk {rPois Str-2
                  | Dex+10}
 28808 | Shoals:1 | Entered Level 1 of the Shoals
 28844 | Shoals:1 | Received a gift from Okawaru
 28863 | Shoals:1 | Noticed Nikola
 28883 | Shoals:1 | Killed Nikola
 28908 | Shoals:1 | Identified the +2 robe of Yesterday {rN+++ rCorr Str-2
                  | Dex+5} (Okawaru gifted it to you on level 1 of the Shoals)
 28908 | Shoals:1 | Received a gift from Okawaru
 29079 | Shoals:1 | Noticed Frances
 29106 | Shoals:1 | Killed Frances
 29726 | Shoals:1 | Identified Roxanne's Textbook on the Geologist
 29726 | Shoals:1 | Noticed Roxanne
 29894 | Shoals:1 | Noticed a titan
 29902 | Shoals:1 | Killed a titan
 30862 | Shoals:3 | Noticed Kirke
 30879 | Shoals:2 | Killed Kirke
 31039 | Shoals:3 | Reached skill level 15 in Throwing
 31058 | Shoals:3 | Received a gift from Okawaru
 31217 | Shoals:3 | Identified the +1 cloak of Amelioration {rF+ rCorr}
                  | (Okawaru gifted it to you on level 3 of the Shoals)
 31217 | Shoals:3 | Received a gift from Okawaru
 31823 | Shoals:4 | Entered Level 4 of the Shoals
 31884 | Shoals:4 | Noticed Polyphemus
 31902 | Shoals:3 | Killed Polyphemus
 32189 | Shoals:3 | Reached skill level 18 in Unarmed Combat
 32189 | Shoals:3 | Reached XP level 18. HP: 175/192 MP: 23/23
 32423 | Shoals:4 | Identified the ring of the Saviour {rF+ Int+3}
 32647 | Shoals:4 | Reached skill level 15 in Fighting
 32837 | Shoals:4 | Found Wucoit's General Store.
 32929 | Shoals:4 | Identified the +11 long sword of the Fae God {freeze,
                  | rPois} (Okawaru gifted it to you on level 4 of the Shoals)
 32929 | Shoals:4 | Received a gift from Okawaru
 33532 | Shoals:4 | Got a barnacled rune of Zot
 33667 | Shoals:4 | Identified the +3 battleaxe of Earthquakes {flame, rElec
                  | Int+3}
 34078 | Snake:4  | Entered Level 4 of the Snake Pit
 34441 | Snake:4  | Received a gift from Okawaru
 35017 | Snake:4  | Received a gift from Okawaru
 35023 | Snake:4  | Noticed Vashnia
 35039 | Snake:4  | Killed Vashnia
 35061 | Snake:4  | Received a gift from Okawaru
 35079 | Snake:4  | Received a gift from Okawaru
 35336 | Snake:4  | Got a serpentine rune of Zot
 35428 | Snake:4  | Reached skill level 19 in Unarmed Combat
 35457 | Snake:4  | Received a gift from Okawaru
 35544 | Snake:4  | Found Jaffuqin's Assorted Antiques.
 35544 | Snake:4  | Found Haoskok's Book Shop.
 35546 | Snake:4  | Found Pafugang's Distillery.
 35551 | Snake:4  | Found Jutukkog's Antique Weapon Boutique.
 35816 | Snake:4  | Received a gift from Okawaru
 35823 | Snake:4  | Found a hazy altar of Hepliaklqana.
 36561 | Vaults:1 | Entered Level 1 of the Vaults
 36975 | Vaults:1 | Reached XP level 19. HP: 173/204 MP: 22/24
 37163 | Vaults:1 | You fall into a shaft and drop 1 floor!
 37181 | Vaults:2 | Identified the +0 cloak of Bad Feelings {+Inv Regen+ Int+3
                  | SInv} (Okawaru gifted it to you on level 2 of the Vaults)
 37181 | Vaults:2 | Received a gift from Okawaru
 37198 | Vaults:2 | Upgraded the game from 0.30-a0-394-g3e4acdb0ae to
                  | 0.30-a0-414-gcb316572d5
 37771 | Vaults:1 | HP: 7/204 [ironbound convoker/+1 morningstar of protection
                  | (4)]
 37772 | Vaults:1 | HP: 1/204 [deep troll[an ironbound preserver] (14)]
 37772 | Vaults:1 | Mangled by a deep troll

Illustrated notes

Levels and vault maps discovered:
D:1:      ldierk_walled_garden, layout_basic, serial_shops, shop_statue
D:2:      layout_loops_cross
D:3:      layout_rooms, overflow_temple_1_default, grunt_temple_overflow_open,
          st_stairs_14
D:4:      layout_basic, uniq_crazy_yiuf_cottage
D:5:      layout_basic, uniq_prince_ribbit1
D:6:      layout_gridville, minmay_temple_entry_mini_moons,
          hangedman_abyss_or_decor_stagger
D:7:      layout_rooms, kennysheep_mini, hex_intersection,
          minmay_shattered_shrine
D:8:      layout_rooms, erik_lair_island, enter_ossuary_2
D:9:      layout_basic, kennysheep_little_box, lemuel_coloured_pillars_altar,
          chequers_temple_overflow_minitemple, guppyfry_early_elven_hall
D:10:     nzn_winding_woodlands_medium [nzn_winding_woodlands_5x5_default,
          nzn_winding_woodlands_5x15_concentric,
          nzn_winding_woodlands_5x5_perimeter,
          nzn_winding_woodlands_5x5_default,
          nzn_winding_woodlands_center_triple_pond,
          nzn_winding_woodlands_5x5_cross, nzn_winding_woodlands_5x5_three,
          nzn_winding_woodlands_5x15_crooked, nzn_winding_woodlands_hourglass],
          layout_loops_cross, serial_shops, shop
D:11:     layout_loops_ring, orc_0_dummy, trog_three_pillars_becter
D:12:     layout_roguey, nicolae_uskayaw_murder_on_the_dancefloor, uniq_sonja
D:13:     layout_cave_pools, nicolae_sextant, chequers_avenue,
          corexii_corridor_pit, drop_trap, minmay_more_statues
D:14:     layout_roguey, erik_vaults_2, portal_ice_cave_entry_dragon,
          serial_park_square3 [serial_park_minivault_5x5_7], serial_shops,
          nicolae_stop_n_shop_2, st_stairs_10, uniq_lodul
D:15:     hangedman_depths_entry_civil_slaughter, layout_layer_cave,
          serial_shops, nicolae_shop_hallway_stairs, shop
Lair:1:   layout_regular_city, ebering_ghost_reflecting_pool
Lair:2:   layout_loops_ring, minmay_snake_entry_guardpost_small,
          gauntlet_entry_generic, uniq_nergalle
Lair:3:   layout_cave_pods, elwin_shoals_entry_rocks, basic_altar
Lair:4:   layout_gridlike, dpeg_slime_entry_enclosed, hangedman_tree_tricks,
          beast_lair_carwin_3, grunt_megastairs_3, serial_bayou_shore_a,
          serial_bayou_shore_b
Lair:5:   gammafunk_lair_ancient_temple, layout_regular_city, uniq_rupert
Shoals:1: cheibrodos_shoals_gigantism, layout_shoals, uniq_nikola, uniq_roxanne,
          uniq_frances
Shoals:2: layout_shoals
Shoals:3: layout_shoals, uniq_kirke
Shoals:4: shoals_end_grunt_ice, layout_shoals, serial_shops, shop_statue,
          uniq_polyphemus
Snake:1:  layout_concentric_octagons, serial_shops, shop, uniq_mlioglotl,
          uniq_asterion
Snake:2:  layout_honeycomb, nicolae_shop_unique_rings, nicolae_shop_gadgets
Snake:3:  layout_onion_interference, serial_shops, nicolae_diamond_shop,
          st_stairs_2, nicolae_snake_boneroom, nicolae_integral_box
Snake:4:  johnstein_snake_rune_scales, layout_layer_cave, basic_altar,
          drop_trap, nicolae_snake_shapes, grunt_megastairs_4, minmay_shoptagon,
          uniq_vashnia
Orc:1:    layout_diamond_mine, nicolae_volcano_entry_vermiform, basic_altar
Orc:2:    kennysheep_orc_mage_school, layout_diamond_mine, uniq_urug
Vaults:1: grunt_vaults_twisty, vaults_room_pools, hangedman_vaults_pinch,
          hangedman_vaults_corner_blocks, nicolae_vaults_arrows, v_pattern_2,
          nicolae_vaults_asterisk, vaults_dpeg_encased_lava,
          nicolae_vaults_yaktaur_gun_rack, layout_vaults_chaotic_city
Vaults:2: ontoclasm_vaults_gateway, v_misc_28, v_misc_17, v_rooms_4,
          ontoclasm_vaults_idyll, nicolae_vaults_sealed_display,
          vaults_standard_mumra_enter_the_diamond, v_rooms_3, v_alt_pattern_5,
          st_lattice, ontoclasm_vaults_idyll, layout_vaults_omnicross

Skill      XL: |  1  2  3  4  5  6  7  8  9 10 11 12 13 14 15 16 17 18 19 |
---------------+----------------------------------------------------------+-----
Unarmed Combat | 4 5 6 7 8 10 11 12 14 15 16 17 18 19 | 19.5
Invocations    | 1 3 5 9 |  9.0
Fighting       | 3 5 7 9 11 13 14 15 16 | 16.2
Throwing       | 4 6 9 10 11 12 15 16 | 16.9
Shields        | 6 10 | 10.6
Dodging        | 5 6 |  6.4
Stealth        | |  1.0

Action                   |  1- 3 |  4- 6 |  7- 9 | 10-12 | 13-15 | 16-18 | 19-21 || total
-------------------------+-------+-------+-------+-------+-------+-------+-------++-------
Melee: Unarmed           |    89 |   134 |   209 |   535 |  1071 |   862 |   181 ||  3081
       Punch             |       |     2 |    13 |    21 |       |       |       ||    36
       Whip              |       |       |       |    22 |       |       |       ||    22
Throw: Javelin           |       |       |       |     1 |     3 |    56 |       ||    60
       Large rock        |       |       |       |     4 |    30 |   399 |    58 ||   491
       Boomerang         |       |       |       |       |       |    26 |       ||    26
 Cast: Blink             |       |       |       |     1 |     2 |       |       ||     3
Invok: Heroism           |       |     1 |     5 |    16 |    39 |    34 |     5 ||   100
       Finesse           |       |       |       |     6 |    12 |    16 |     1 ||    35
Evoke: Wand              |       |       |       |    14 |     6 |    19 |     1 ||    40
  Use: Potion            |       |     1 |     2 |       |     3 |    13 |     4 ||    23
       Scroll            |       |     1 |       |    16 |     7 |    20 |     3 ||    47
 Stab: Sleeping          |     3 |     3 |       |       |       |     1 |       ||     7
       Distracted        |       |     1 |       |     1 |     2 |       |       ||     4
Armor: Robe              |    42 |    47 |    40 |    18 |   145 |   112 |    13 ||   417
       Troll leather arm |       |       |       |    76 |       |       |       ||    76
Dodge: Dodged            |    56 |    87 |    71 |   138 |   123 |   213 |    41 ||   729
Block: Kite shield       |       |       |       |   300 |  1137 |  1275 |   230 ||  2942

Table legend: (Time is in decaauts)
 A = Elapsed time spent in this place.
 B = Non-inter-level travel time spent in this place.
 C = Inter-level travel time spent in this place.
 D = Time resting spent in this place.
 E = Time spent auto-exploring this place.
 F = Levels seen in this place.
 G = Mean time per level.
                   A        B        C        D        E       F      G
               +--------+--------+--------+--------+--------+-----+--------+
         Total |  37467 |  33980 |   3487 |   6668 |  20712 |  35 | 1070.5 |
       Dungeon |  15061 |  13358 |   1703 |   2129 |   8895 |  15 | 1004.1 |
          Lair |   7540 |   6871 |    669 |   2175 |   3644 |   5 | 1508.0 |
        Shoals |   5026 |   4442 |    584 |    932 |   2467 |   4 | 1256.5 |
     Snake Pit |   5303 |   4951 |    352 |    578 |   3496 |   4 | 1325.8 |
  Orcish Mines |   1814 |   1637 |    177 |    229 |    936 |   2 |  907.0 |
        Vaults |   1149 |   1149 |      0 |    463 |    362 |   2 |  574.5 |
       Ossuary |    200 |    200 |      0 |      0 |    117 |   1 |  200.0 |
      Ice Cave |    984 |    984 |      0 |     73 |    649 |   1 |  984.0 |
      Gauntlet |    387 |    387 |      0 |     87 |    145 |   1 |  387.0 |
               +--------+--------+--------+--------+--------+-----+--------+

Top non-repeatable levels by time:
 Snake:4: 2074 daAuts
  Lair:3: 2065 daAuts
     D:6: 1900 daAuts
  Lair:4: 1898 daAuts
Shoals:3: 1814 daAuts
  Lair:2: 1672 daAuts
 Snake:3: 1497 daAuts
   Orc:2: 1230 daAuts
     D:9: 1227 daAuts
Shoals:4: 1205 daAuts
    D:11: 1174 daAuts
     D:1: 1173 daAuts
    D:15: 1134 daAuts
    D:14: 1079 daAuts
Shoals:2: 1068 daAuts
